AoeStats
← Juanchilagos

Enclosed

504640156Analyzed
1v1 RM · 25d ago on Sep 6, 2026· 38m 43s· 2 players
Game mode
Random Map
Map size
Tiny (2 player)
Population
200
Speed
Normal
Resources
Standard
Victory
Conquest
Starting age
Dark Age
Ending age
Imperial Age
RankedLock teamsTeams togetherTeam positionsShared explorationLock speedFull tech treeHidden civsTurbo modeCheats
Victory
Defeat
🇫🇷 Khmer · France
1178
+16
🇦🇷 Bohemians · Argentina
1178
-16
Kim jong-un
6:54 Loom
9:00 Feudal Age
9:52 Man-at-Arms
13:08 Double-Bit Axe
19:15 Castle Age
17:38 Gold Mining
17:31 Horse Collar
17:52 Town Watch
18:23 Bloodlines
19:04 Forging
19:37 Town Watch
21:39 Husbandry
23:39 Scale Barding Armor
25:04 Light Cavalry
28:11 Bow Saw
29:25 Wheelbarrow
29:05 Heavy Plow
32:21 Chain Barding Armor
32:37 Iron Casting
32:14 Devotion
35:48 Hand Cart
38:48 Imperial Age
36:36 Hand Cart
36:59 Ballistics
Juanchilagos
10:37 Feudal Age
10:08 Loom
16:10 Castle Age
18:58 Horse Collar
22:59 Town Watch
25:54 Redemption
27:52 Double-Bit Axe
29:45 Fervor
33:39 Pikeman
34:19 Squires
34:48 Town Patrol
35:24 Wheelbarrow
36:17 Scale Mail Armor
36:27 Forging
36:18 Padded Archer Armor
Connection lost

Rejoining the realm…

Still unreachable

The connection could not be restored.

Session expired

The server has moved on; the page needs a fresh start.